 Dungeon Crawl Stone Soup version 0.28-a0-447-g1f95980246 (webtiles) character file.

Game seed: 16862758033285016138

16 wakim the Skirmisher (level 2, 0/27 HPs)
             Began as a Hill Orc Fighter on Sept 12, 2021.
             Slain by Sigmund (9 damage)
             ... on level 2 of the Dungeon.
             The game lasted 00:01:32 (275 turns).

wakim the Skirmisher (Hill Orc Fighter)              Turns: 275, Time: 00:01:32

Health: 0/27       AC: 10    Str: 18    XL:     2   Next: 58%
Magic:  2/2        EV:  7    Int:  8    God:
Gold:   17         SH:  0    Dex: 10    Spells: 1/1 levels left

rFire   . . .      SeeInvis .   a - +0 war axe
rCold   . . .      Faith    .   c - +0 buckler
rNeg    . . .      Spirit   .   g - +0 chain mail
rPois   .          Reflect  .   (no helmet)
rElec   .          Harm     .   (no cloak)
rCorr   .          Rampage  .   f - +0 pair of gloves
Will    .....                   (no boots)
Stlth   ..........              (no amulet)
HPRegen 0.09/turn               (no ring)
MPRegen 0.08/turn               (no ring)

@: confused
A: no striking features
a: no special abilities


You were on level 2 of the Dungeon.
You visited 1 branch of the dungeon, and saw 2 of its levels.

You collected 17 gold pieces.

Inventory:

Hand Weapons
 a - a +0 war axe (weapon)
Armour
 c - a +0 buckler (worn)
 d - a +0 plate armour
 f - a +0 pair of gloves (worn)
 g - a +0 chain mail (worn)
Scrolls
 r - a scroll of identify
 R - a scroll of magic mapping {!r}
Potions
 N - a potion of might


   Skills:
 + Level 3.9 Fighting
 * Level 3.5 Axes
 - Level 3.2 Armour
 + Level 3.5 Shields


You had one spell level left.
You didn't know any spells.
Your spell library was empty.

Dungeon Overview and Level Annotations

Branches:
Dungeon (1/15)

Altars:

Annotations:
D:2 Sigmund


Message History

The goblin hits you but does no damage.
You slash the hobgoblin!
You kill the hobgoblin!
You completely miss the goblin. The goblin hits you but does no damage.
Sigmund closely misses you.
You hit the goblin.
You kill the goblin!
You miss the goblin. The goblin hits you with a +0 dagger.
A hobgoblin comes into view.
Sigmund hits you from afar with a +0 scythe.
The hobgoblin barely misses you. The goblin barely misses you.
The goblin hits you with a +0 dagger.
You closely miss Sigmund. You hit the goblin. You hit the hobgoblin.
Sigmund points at you and mumbles some strange words.
You are more confused.
The goblin hits you but does no damage.
The hobgoblin hits you but does no damage.
A goblin comes into view. It is wielding a +0 dagger.
Sigmund hits you with a +0 scythe!
* * * LOW HITPOINT WARNING * * *
You closely miss the hobgoblin.
The hobgoblin is heavily wounded.
You miss the goblin. You hit the hobgoblin. You hit Sigmund.
The goblin hits you but does no damage.
The hobgoblin hits you but does no damage.
The hobgoblin barely misses you.
You completely miss Sigmund.
Sigmund is lightly wounded.
You barely miss the hobgoblin. You slash the goblin!
You kill the goblin!
You closely miss the hobgoblin. Sigmund hits you with a +0 scythe.
* * * LOW HITPOINT WARNING * * *
The hobgoblin barely misses you.
A goblin comes into view. It is wielding a +0 club.
The hobgoblin closely misses you. The goblin completely misses you.
You bump into the rock wall.
The goblin shouts!
The hobgoblin hits you but does no damage. x2
Sigmund hits you with a +0 scythe!
You die... ####+## ##.#...# ..'.g. #.gg ##g## #ggg#

##@## #@#
#.....#
.@.#...##
### ##+##


You could see Sigmund, 3 hobgoblins and 4 goblins.

Vanquished Creatures
  A dart slug (D:1)
  3 endoplasms (D:1)
  3 hobgoblins
  2 bats (D:1)
  3 goblins
  A rat (D:1)
13 creatures vanquished.

Notes
Turn   | Place    | Note
-------+----------+-------------------------------------------
     0 | D:1      | wakim the Hill Orc Fighter began the quest for the Orb.
     0 | D:1      | Reached XP level 1. HP: 19/19 MP: 1/1
   114 | D:1      | Reached XP level 2. HP: 27/27 MP: 2/2
   155 | D:1      | Found a faded altar of an unknown god.
   260 | D:1      | You fall into a shaft and drop 1 floor!
   262 | D:2      | Noticed Sigmund
   275 | D:2      | Slain by Sigmund

Illustrated notes

Levels and vault maps discovered:
D:1:      scummos_arrival_hexagon, layout_rooms,
          dreamdust_ecumenical_altar_grove, minmay_octomino_j4
D:2:      cheibrodos_greedy_goblins, layout_loops_corners, uniq_terence,
          uniq_sigmund, uniq_robin

Skill      XL: |  1 |
---------------+----+-----
Axes           | 3 |  3.5
Fighting       | |  3.9
Armour         | |  3.2
Shields        | |  3.5

Action                   || total
-------------------------++-------
Melee: War axe           ||    28
  Use: Scroll            ||     1
Armor: Plate armour      ||     9
       Chain mail        ||    12
Dodge: Dodged            ||    14
Block: Buckler           ||     7

Table legend: (Time is in decaauts)
 A = Elapsed time spent in this place.
 B = Non-inter-level travel time spent in this place.
 C = Inter-level travel time spent in this place.
 D = Time resting spent in this place.
 E = Time spent auto-exploring this place.
 F = Levels seen in this place.
 G = Mean time per level.
                   A        B        C        D        E       F      G
               +--------+--------+--------+--------+--------+-----+--------+
         Total |    284 |    284 |      0 |      0 |    169 |   2 |  142.0 |
       Dungeon |    284 |    284 |      0 |      0 |    169 |   2 |  142.0 |
               +--------+--------+--------+--------+--------+-----+--------+

Top non-repeatable levels by time:
     D:1: 268 daAuts
     D:2: 16 daAuts
